 Dungeon Crawl Stone Soup version 0.31-a0-870-g10ed682358 (webtiles) character file.

Game seed: 16933087495285848030

172 IcyTea the Vexing (level 5, 32/41 HPs)
             Began as a Gnoll Hexslinger on Oct 12, 2023.
             Quit the game on level 6 of the Dungeon.
             The game lasted 00:12:37 (2672 turns).

IcyTea the Vexing (Gnoll Hexslinger)                Turns: 2672, Time: 00:12:38

Health: 32/41      AC:  5    Str:  7    XL:     5   Next: 52%
Magic:  9/9        EV: 14    Int: 14    God:
Gold:   93         SH:  0    Dex: 15    Spells: 8/10 levels left

rFire   + . .        b - +0 dagger (venom)
rCold   + . .        (no shield)
rNeg    . . .        f - +2 robe {rC+ rF+}
rPois   .            (no helmet)
rElec   .            i - +0 cloak
rCorr   .            (no gloves)
SInv    .            (no boots)
Will    .....        d - amulet of faith
Stlth   ++           (no ring)
HPRegen 0.26/turn    (no ring)
MPRegen 0.11/turn

%: faith
@: no status effects
A: fangs 1, strong nose, distributed training
a: no special abilities


You were on level 6 of the Dungeon.
You visited 1 branch of the dungeon, and saw 4 of its levels.

You collected 93 gold pieces.

Inventory:

Hand Weapons
 a - a +1 sling
 b - a +0 dagger of venom (weapon)
 m - a +1 flail of holy wrath
Missiles
 o - 2 throwing nets
Armour
 f - a +2 robe of resistance (worn)
 i - a +0 cloak (worn)
Jewellery
 c - an amulet of guardian spirit
 d - an amulet of faith (around neck)
Scrolls
 e - a scroll of vulnerability {unknown}
 g - a scroll of blinking {unknown}
 h - 3 scrolls of poison
 n - a scroll of enchant weapon {unknown}
 p - a scroll of fear {unknown}
 t - a scroll of identify {unknown}
 u - a scroll of butterflies {unknown}
Potions
 j - 2 potions of curing {unknown}
 k - 2 potions of attraction {unknown}
 l - a potion of might {unknown}
 q - 2 potions of haste {unknown}
 r - a potion of heal wounds {unknown}
 s - a potion of magic {unknown}


   Skills:
 + Level 3.0 Fighting
 + Level 1.5 Short Blades
 + Level 1.5 Long Blades
 + Level 1.5 Axes
 + Level 1.5 Maces & Flails
 + Level 1.5 Polearms
 + Level 1.5 Staves
 + Level 4.8 Ranged Weapons
 + Level 1.5 Throwing
 + Level 1.5 Armour
 + Level 4.8 Dodging
 + Level 1.5 Stealth
 + Level 1.5 Shields
 + Level 1.5 Unarmed Combat
 + Level 3.2 Spellcasting
 + Level 1.2 Conjurations
 + Level 5.5 Hexes
 + Level 1.2 Summonings
 + Level 1.2 Necromancy
 + Level 1.2 Translocations
 + Level 1.2 Transmutations
 + Level 2.4 Fire Magic
 + Level 1.2 Ice Magic
 + Level 1.2 Air Magic
 + Level 1.2 Earth Magic
 + Level 1.2 Poison Magic
 + Level 1.7 Invocations
 + Level 1.5 Evocations
 + Level 1.4 Shapeshifting


You had 8 spell levels left.
You knew the following spells:

 Your Spells              Type           Power      Damage    Failure   Level
a - Jinxbite              Hex            34%        N/A       3%          2

Your spell library contained the following spells:

 Spells                   Type           Power      Damage    Failure   Level
 Sigil of Binding         Hex            17%        N/A       6%          3
 Inner Flame              Hex/Fire       13%        N/A       12%         3
 Sublimation of Blood     Necr           5%         N/A       19%         2
 Cause Fear               Hex            8%         N/A       22%         4
 Ignite Poison            Fire/Tmut/Pois 6%         N/A       32%         3
 Dimensional Bullseye     Hex/Tloc       5%         N/A       45%         4
 Sticky Flame             Conj/Fire      7%         2d3       69%         4
 Petrify                  Tmut/Erth      5%         N/A       77%         4
 Yara's Violent Unravell  Hex/Tmut       5%         3d4       82%         5
 Irradiate                Conj/Tmut      2%         3d12      98%         5
 Enfeeble                 Hex            8%         N/A       100%        7
 Ignition                 Fire           4%         3d4       100%        8


Dungeon Overview and Level Annotations

Branches:
Dungeon (3/15)

Altars:

Shops:
D:1 (


Innate Abilities, Weirdness & Mutations

You have very sharp teeth.
Your uncanny sense of smell can sniff out nearby items.
Your experience applies equally to all skills.


Message History

The orc attacks as it pursues you! The orc hits you with a +0 short sword.
The gnoll hits you with a +0 club. The orc attacks as it pursues you!
The orc barely misses you.
Found a stone staircase leading down.
The gnoll barely misses you.
A hobgoblin comes into view.
Found a dagger.
A gnoll comes into view. It is wielding a +0 spear.
The giant cockroach barely misses you.
The giant cockroach attacks as it pursues you!
The giant cockroach barely misses you.
There is a stone staircase leading down here.
The giant cockroach attacks as it pursues you!
The giant cockroach closely misses you.
The hobgoblin hits you but does no damage.
The gnoll shouts!
You hear a shout! x3
You hit the giant cockroach.
The giant cockroach is poisoned.
The giant cockroach is heavily wounded.
The giant cockroach barely misses you.
The gnoll hits you from afar with a +0 spear.
A gnoll comes into view. It is wielding a +0 halberd.
The gnoll shouts!
You kill the giant cockroach!
The gnoll hits you from afar with a +0 spear.
An orc priest and 2 orcs come into view.
A malevolent force fills the Dungeon...
You fall into a shaft and drop 3 floors!
The shaft crumbles and collapses.
Found 8 stones.
You see here 8 stones.
Found 12 gold pieces.
Found a helmet.
A kobold comes into view. It is wielding a +0 short sword.
A kobold comes into view. It is wielding a +0 short sword.
Found 12 gold pieces.
The kobold shouts! x2; You hear a shout!
A kobold comes into view. It is wielding a +0 dagger.
A kobold comes into view.
It is wielding a +0 dagger and quivering poisoned darts.
A kobold comes into view. It is wielding a +0 club.
You see here 12 gold pieces.
Are you sure you want to abandon this character and quit the game? (Confirm with "yes".)

#$K .#
.K## K.#
...# #.K+
..##.K.#
......#
#....#
##..[.##
##.@....##
#...##...#
#..## ..#
#...# #..#
#...##...#
##......#
##....##
##....###.
##......#.


You could see 5 kobolds.

Vanquished Creatures
  9 adders
  A gnoll (D:1)
  A worm (D:2)
  3 dart slugs
  14 ball pythons
  7 endoplasms
  A giant cockroach (D:3)
  3 goblins
  5 hobgoblins
  A jackal (D:1)
  4 kobolds
  4 quokkas
  11 bats
  3 frilled lizards
  7 rats
74 creatures vanquished.

Notes
Turn   | Place    | Note
-------+----------+-------------------------------------------
     0 | D:1      | IcyTea the Gnoll Hexslinger began the quest for the Orb.
     0 | D:1      | Reached XP level 1. HP: 17/17 MP: 4/4
     3 | D:1      | Noticed a demonspawn zombie
    12 | D:1      | Noticed a ghoul
    14 | D:1      | Noticed a demonspawn zombie
    21 | D:1      | Noticed a ghoul
    21 | D:1      | Noticed a minotaur skeleton
    23 | D:1      | Noticed a ghoul
   116 | D:1      | Found Zolikhleofi's Antique Weapon Shop.
   219 | D:1      | Reached XP level 2. HP: 23/23 MP: 5/5
   314 | D:1      | Learned a level 2 spell: Jinxbite
   372 | D:1      | Reached XP level 3. HP: 22/28 MP: 4/7
   573 | D:1      | Reached skill level 1 in Invocations
   954 | D:1      | Found a faded altar of an unknown god.
  1129 | D:2      | Reached skill level 1 in Short Blades
  1129 | D:2      | Reached skill level 1 in Long Blades
  1129 | D:2      | Reached skill level 1 in Axes
  1129 | D:2      | Reached skill level 1 in Maces & Flails
  1129 | D:2      | Reached skill level 1 in Polearms
  1129 | D:2      | Reached skill level 1 in Staves
  1129 | D:2      | Reached skill level 1 in Throwing
  1129 | D:2      | Reached skill level 1 in Armour
  1129 | D:2      | Reached skill level 1 in Stealth
  1129 | D:2      | Reached skill level 1 in Shields
  1129 | D:2      | Reached skill level 1 in Unarmed Combat
  1129 | D:2      | Reached skill level 1 in Evocations
  1270 | D:2      | Reached skill level 1 in Shapeshifting
  1270 | D:2      | Reached XP level 4. HP: 22/34 MP: 8/8
  1624 | D:2      | Reached skill level 1 in Conjurations
  1624 | D:2      | Reached skill level 1 in Summonings
  1624 | D:2      | Reached skill level 1 in Necromancy
  1624 | D:2      | Reached skill level 1 in Translocations
  1624 | D:2      | Reached skill level 1 in Transmutations
  1624 | D:2      | Reached skill level 1 in Ice Magic
  1624 | D:2      | Reached skill level 1 in Air Magic
  1624 | D:2      | Reached skill level 1 in Earth Magic
  1624 | D:2      | Reached skill level 1 in Poison Magic
  1684 | D:2      | Reached XP level 5. HP: 40/40 MP: 9/9
  2657 | D:3      | You fall into a shaft and drop 3 floors!
  2672 | D:6      | Quit the game

Illustrated notes

Levels and vault maps discovered:
D:1:      shiori_arrival_whats_in_store_for_you, layout_basic,
          nicolae_ecumenical_snake_handling, serial_shops, nicolae_shop_crystal,
          minmay_misc_feat_doors, minmay_circled_x
D:2:      layout_basic, grunt_ministairs_7, minmay_snake_closets
D:3:      layout_basic, portal_sewer_entry_a
D:6:      wad_guarded_room, layout_basic

Skill      XL: |  1  2  3  4  5 |
---------------+----------------+-----
Fire Magic     | 2 |  2.4
Invocations    | 1 |  1.7
Short Blades   | 1 |  1.5
Long Blades    | 1 |  1.5
Axes           | 1 |  1.5
Maces & Flails | 1 |  1.5
Polearms       | 1 |  1.5
Staves         | 1 |  1.5
Throwing       | 1 |  1.5
Armour         | 1 |  1.5
Stealth        | 1 |  1.5
Shields        | 1 |  1.5
Unarmed Combat | 1 |  1.5
Evocations     | 1 |  1.5
Shapeshifting  | 1 |  1.4
Spellcasting   | 3 |  3.2
Conjurations   | 1 |  1.2
Summonings     | 1 |  1.2
Necromancy     | 1 |  1.2
Translocations | 1 |  1.2
Transmutations | 1 |  1.2
Ice Magic      | 1 |  1.2
Air Magic      | 1 |  1.2
Earth Magic    | 1 |  1.2
Poison Magic   | 1 |  1.2
Fighting       | 3 |  3.0
Ranged Weapons | |  4.8
Dodging        | |  4.8
Hexes          | |  5.5

Action                     |  1- 3 |  4- 6 || total
---------------------------+-------+-------++-------
  Melee: Flail             |    37 |       ||    37
         Dagger            |    15 |   107 ||   122
         Bite              |     6 |     6 ||    12
   Fire: Sling             |    53 |    22 ||    75
   Cast: Jinxbite          |     1 |       ||     1
   Stab: Sleeping          |     1 |     6 ||     7
 Armour: Robe              |    45 |    58 ||   103
  Dodge: Dodged            |    71 |   106 ||   177

Table legend: (Time is in decaauts)
 A = Elapsed time spent in this place.
 B = Non-inter-level travel time spent in this place.
 C = Inter-level travel time spent in this place.
 D = Time resting spent in this place.
 E = Time spent auto-exploring this place.
 F = Levels seen in this place.
 G = Mean time per level.
                   A        B        C        D        E       F      G
               +--------+--------+--------+--------+--------+-----+--------+
         Total |   2687 |   2587 |    100 |      0 |   1667 |   4 |  671.8 |
       Dungeon |   2687 |   2587 |    100 |      0 |   1667 |   4 |  671.8 |
               +--------+--------+--------+--------+--------+-----+--------+

Top non-repeatable levels by time:
     D:2: 1221 daAuts
     D:1: 1101 daAuts
     D:3: 349 daAuts
     D:6: 14 daAuts
